 Dungeon Crawl Stone Soup version 0.30-a0-586-g23e55c9e0a (webtiles) character file.

Game seed: 7095736639386441159

720280 wormed the Cutthroat (level 27, -42/339 HPs)
             Began as a Gnoll Hexslinger on Jan 3, 2023.
             Was the Champion of Cheibriados.
             Killed from afar by an ancient champion (44 damage)
             ... with an iron shot
             ... on level 2 of the Tomb of the Ancients.
             The game lasted 05:15:43 (94303 turns).

wormed the Cutthroat (Gnoll Hexslinger)            Turns: 94303, Time: 05:15:44

Health: -42/339    AC: 41    Str: 29 (31) XL:     27
Magic:  9/47       EV:  2    Int: 39      God:    Cheibriados [******]
Gold:   1420       SH: 28    Dex: 28 (31) Spells: 11/67 levels left

rFire   + + .      SeeInvis .    A - +3 Elemental Staff {rElec rF++ rC++ AC+5}
rCold   + + .      Faith    .    R - +5 kite shield {AC+3}
rNeg    . . .      Spirit   .    (body armour currently unavailable)
rPois   +          Reflect  +    (helmet currently unavailable)
rElec   +          Harm     .    (cloak currently unavailable)
rCorr   .          Rampage  .    (gloves currently unavailable)
Will    ++++.      NoTele   +    (boots currently unavailable)
Stlth   ++++                     z - amulet "Ves Cuba" {Reflect Int+4 SH+5}
HPRegen 0.76/turn                P - ring "Tecluont" {rPois Int+3 Slay+4}
MPRegen 0.30/turn                E - ring "Sock" {Wiz Slay+5}

@: brilliant, tree-form, marked, very slightly contaminated, slowed, glowing,
studying 4 skills, very slow
A: stationary, stasis, torment immunity, boosted hp, (fangs 1), strong nose,
distributed training, (antennae 1), (iridescent scales 1), strong-willed 2,
(poison resistance)
}: 6/15 runes: serpentine, barnacled, slimy, silver, golden, abyssal
a: Renounce Religion, Bend Time, Temporal Distortion, Slouch, Step From Time


You were on level 2 of the Tomb of the Ancients.
You worshipped Cheibriados.
Cheibriados was exalted by your worship.
You were a tree.
You visited 13 branches of the dungeon, and saw 58 of its levels.
You visited the Abyss 2 times.
You also visited: Trove, Bailey and Ice Cave.

You collected 14808 gold pieces.
You spent 13388 gold pieces at shops.

Inventory:

Hand Weapons
 A - the +3 Elemental Staff (weapon) {rElec rF++ rC++ AC+5}
   (You acquired it on level 8 of the Dungeon)

   If the wielder is skilled in Evocations, they can discharge powerful blasts
   of elemental energy when striking with it.
   It enhances your fire, ice, earth and air magic.
   AC:        It affects your AC (+5).
   rF:        It greatly protects you from fire.
   rC:        It greatly protects you from cold.
   rElec:     It insulates you from electricity.
Missiles
 N - 2 throwing nets
 U - 20 silver javelins
Armour
 i - the +1 pair of boots of the Hills (melded) {Int+6 Stlth+}
   (You found it in a treasure trove)

   Int:       It affects your intelligence (+6).
   Stlth:     It makes you more stealthy.
 o - the +4 dragonskin cloak (melded)
   (You took it off Tiamat on level 1 of the Realm of Zot)

   It grants the wearer a chance to resist fire, cold, poison, electricity,
   acid, and negative energy.
 D - the +8 orange crystal plate armour (melded) {Archmagi, Int+3 Clar}
   (You bought it in a shop on level 2 of the Orcish Mines)

   Int:       It affects your intelligence (+3).
   Clar:      It protects you against confusion.
 Q - a +0 hat of stealth (melded)
 R - a +5 kite shield of protection (worn)
 Y - a +2 pair of gloves of stealth (melded)
Jewellery
 r - the ring of Raaxek {Fly rElec rF+ rN+ Dex-2}
   (You found it on level 3 of the Dungeon)

   [ring of flight]

   Dex:       It affects your dexterity (-2).
   rF:        It protects you from fire.
   rElec:     It insulates you from electricity.
   rN:        It protects you from negative energy.
   Fly:       It grants you flight.
 x - the ring "Liemnump" {rF+ rC- Will+ Str+6 Dex+4}
   (You took it off a vault sentinel on level 5 of the Vaults)

   [ring of strength]

   Str:       It affects your strength (+6).
   Dex:       It affects your dexterity (+4).
   rF:        It protects you from fire.
   rC:        It makes you vulnerable to cold.
   Will:      It increases your willpower.
 y - the ring "Alerig" {*Corrode rPois rF+++ Int+4 SInv}
   (You found it on level 3 of the Elven Halls)

   [ring of poison resistance]

   Int:       It affects your intelligence (+4).
   rF:        It renders you almost immune to fire.
   rPois:     It protects you from poison.
   SInv:      It lets you see invisible.
   *Corrode:  It may corrode you when you take damage.
 z - the amulet "Ves Cuba" (around neck) {Reflect Int+4 SH+5}
   (You found it in an ice cave)

   [amulet of reflection]

   It reflects blocked missile attacks.
   Int:       It affects your intelligence (+4).
   SH:        It affects your SH (+5).
 E - the ring "Sock" (right branch) {Wiz Slay+5}
   (You took it off a deep elf master archer on level 3 of the Elven Halls)

   [ring of wizardry]

   It improves your spell success rate.
   Slay:      It affects your accuracy & damage with ranged weapons and melee
   (+5).
 P - the ring "Tecluont" (left branch) {rPois Int+3 Slay+4}
   (You found it in a treasure trove)

   [ring of slaying]

   Int:       It affects your intelligence (+3).
   Slay:      It affects your accuracy & damage with ranged weapons and melee
   (+4).
   rPois:     It protects you from poison.
Wands
 c - a wand of polymorph (22)
 k - a wand of iceblast (53)
 m - a wand of digging (14)
 q - a wand of flame (58)
 w - a wand of acid (29)
 C - a wand of paralysis (25)
 T - a wand of mindburst (29)
Scrolls
 j - 14 scrolls of enchant weapon
 t - 7 scrolls of brand weapon
 B - 14 scrolls of fog
 F - a scroll of teleportation
 H - 3 scrolls of silence
 I - 12 scrolls of poison
 K - 12 scrolls of magic mapping
 L - 8 scrolls of amnesia
 O - 10 scrolls of fear
 S - 3 scrolls of butterflies
Potions
 a - 2 potions of mutation
 d - 6 potions of cancellation
 h - 19 potions of curing
 l - 6 potions of attraction
 n - 2 potions of brilliance
 p - 8 potions of berserk rage
 u - 13 potions of might
 v - 9 potions of lignification
 J - 3 potions of resistance
Miscellaneous
 e - a figurine of a ziggurat
 f - a lightning rod (4/4)
 g - a box of beasts
 G - a tin of tremorstones (2/2)
 V - a phantom mirror


   Skills:
 + Level 20.5 Fighting
 + Level 23.3 Short Blades
 + Level 20.3 Long Blades
 + Level 20.3 Axes
 + Level 20.3 Maces & Flails
 + Level 20.3 Polearms
 + Level 22.9 Staves
 + Level 20.7 Ranged Weapons
 + Level 20.3 Throwing
 + Level 20.3 Armour
 + Level 22.6 Dodging
 + Level 20.3 Stealth
 + Level 20.3 Shields
 + Level 20.3 Unarmed Combat
 + Level 20.5 Spellcasting
 + Level 17.4 Conjurations
 + Level 18.1 Hexes
 + Level 17.4 Summonings
 + Level 17.4 Necromancy
 + Level 18.9 Translocations
 + Level 17.4 Transmutations
 + Level 17.4 Fire Magic
 + Level 17.4 Ice Magic
 + Level 17.4 Air Magic
 + Level 17.4 Earth Magic
 + Level 17.4 Poison Magic
 + Level 21.9 Invocations
 + Level 20.3 Evocations


You had 11 spell levels left.
You knew the following spells:

 Your Spells              Type           Power      Damage    Failure   Level
a - Necromutation         Tmut/Necr      66%        N/A       1%          8
b - Borgnjor's Vile Clut  Necr/Erth      78%        N/A       0%          5
c - Iron Shot             Conj/Erth      78%        9d14      1%          6
d - Irradiate             Conj/Tmut      66%        3d33      0%          5
e - Sublimation of Blood  Necr           100%       N/A       0%          2
f - Fire Storm            Conj/Fire      78%        8d20      26%         9
g - Ignition              Fire           78%        3d20      1%          8
h - Ozocubu's Refrigerat  Ice            78%        4d24      1%          7
i - Blink                 Tloc           100%       N/A       0%          2
j - Passage of Golubria   Tloc           100%       N/A       0%          4

Your spell library contained the following spells:

 Spells                   Type           Power      Damage    Failure   Level
 Apportation              Tloc           100%       N/A       0%          1
 Beastly Appendage        Tmut           100%       N/A       0%          1
 Foxfire                  Conj/Fire      100%       2x1d9     0%          1
 Necrotise                Necr           100%       1d9       0%          1
 Sandblast                Erth           100%       2d20      0%          1
 Shock                    Conj/Air       100%       1d9       0%          1
 Slow                     Hex            100%       N/A       0%          1
 Sting                    Tmut/Pois      100%       1d8       0%          1
 Summon Small Mammal      Summ           100%       N/A       0%          1
 Cigotuvi's Dreadful Rot  Necr/Pois/Air  100%       N/A       0%          2
 Ensorcelled Hibernation  Hex/Ice        100%       N/A       0%          2
 Momentum Strike          Conj/Tloc      100%       3d10      0%          2
 Passwall                 Tmut/Erth      100%       N/A       0%          2
 Poisonous Vapours        Pois/Air       100%       N/A       0%          2
 Scorch                   Fire           100%       2d10      0%          2
 Searing Ray              Conj           100%       2d8       0%          2
 Static Discharge         Conj/Air       100%       2-7/arc   0%          2
 Wereblood                Tmut           100%       N/A       0%          2
 Call Canine Familiar     Summ           100%       N/A       0%          3
 Hailstorm                Conj/Ice       100%       3d20      0%          3
 Inner Flame              Hex/Fire       100%       N/A       0%          3
 Lesser Beckoning         Tloc           100%       N/A       0%          3
 Mephitic Cloud           Conj/Pois/Air  100%       N/A       0%          3
 Ozocubu's Armour         Ice            100%       N/A       0%          3
 Portal Projectile        Hex/Tloc       100%       N/A       0%          3
 Spider Form              Tmut/Pois      100%       N/A       0%          3
 Stone Arrow              Conj/Erth      100%       3d13      0%          3
 Summon Guardian Golem    Hex/Summ       100%       N/A       0%          3
 Swiftness                Air            100%       N/A       0%          3
 Tukima's Dance           Hex            100%       N/A       0%          3
 Airstrike                Air            78%        2d(12-28) 0%          4
 Anguish                  Hex/Necr       66%        N/A       0%          4
 Animate Armour           Summ/Erth      100%       N/A       0%          4
 Animate Dead             Necr           100%       N/A       0%          4
 Cause Fear               Hex            67%        N/A       0%          4
 Dispel Undead            Necr           100%       3d31      0%          4
 Flame Wave               Conj/Fire      100%       2d21      0%          4
 Fulminant Prism          Conj/Hex       66%        3d28      0%          4
 Ice Form                 Ice/Tmut       100%       N/A       0%          4
 Leda's Liquefaction      Hex/Erth       79%        N/A       0%          4
 Olgreb's Toxic Radiance  Pois           100%       N/A       0%          4
 Petrify                  Tmut/Erth      100%       N/A       0%          4
 Sticky Flame             Conj/Fire      100%       2d11      0%          4
 Summon Lightning Spire   Summ/Air       100%       N/A       0%          4
 Agony                    Necr           100%       N/A       0%          5
 Alistair's Intoxication  Tmut/Pois      88%        N/A       0%          5
 Blade Hands              Tmut           66%        N/A       0%          5
 Fireball                 Conj/Fire      78%        3d29      0%          5
 Iskenderun's Battlesphe  Conj           100%       2d15      0%          5
 Lee's Rapid Deconstruct  Erth           78%        3d35*     0%          5
 Metabolic Englaciation   Hex/Ice        79%        N/A       0%          5
 Silence                  Hex/Air        79%        N/A       0%          5
 Summon Forest            Summ/Tloc      67%        N/A       0%          5
 Summon Mana Viper        Hex/Summ       100%       N/A       0%          5
 Yara's Violent Unravell  Hex/Tmut       66%        3d25      0%          5
 Conjure Ball Lightning   Conj/Air       78%        3x3d30    1%          6
 Death Channel            Necr           66%        N/A       1%          6
 Eringya's Noxious Bog    Tmut/Pois      66%        N/A       1%          6
 Simulacrum               Ice/Necr       78%        N/A       1%          6
 Starburst                Conj/Fire      78%        6d20      1%          6
 Statue Form              Tmut/Erth      100%       N/A       1%          6
 Summon Cactus Giant      Summ           66%        N/A       1%          6
 Dragon Form              Tmut           66%        N/A       1%          7
 Enfeeble                 Hex            67%        N/A       1%          7
 Haunt                    Necr/Summ      66%        N/A       1%          7
 Monstrous Menagerie      Summ           66%        N/A       1%          7
 Orb of Destruction       Conj           66%        9d16      1%          7
 Spellforged Servitor     Conj/Summ      66%        N/A       1%          7
 Discord                  Hex            67%        N/A       1%          8
 Disjunction              Tloc           68%        N/A       1%          8
 Infestation              Necr           66%        N/A       1%          8
 Lehudib's Crystal Spear  Conj/Erth      78%        10d18     1%          8
 Chain Lightning          Conj/Air       78%        3d104     26%         9
 Death's Door             Necr           66%        N/A       26%         9
 Dragon's Call            Summ           66%        N/A       26%         9


Dungeon Overview and Level Annotations

Branches:
Dungeon (15/15)            Temple (1/1) D:4            Lair (5/5) D:11
 Shoals (4/4) Lair:3        Snake (4/4) Lair:3        Slime (5/5) Lair:4
    Orc (2/2) D:9             Elf (3/3) Orc:2        Vaults (5/5) D:14
  Crypt (3/3) Vaults:2       Tomb (3/3) Crypt:3      Depths (4/4) D:15
    Zot (4/5) Depths:4     Bailey (visited)           IceCv (visited)

Altars:
Ashenzari
Cheibriados
Dithmenos
Elyvilon
Fedhas
Gozag
Hepliaklqana
Kikubaaqudgha
Makhleb
Nemelex Xobeh
Okawaru
Qazlal
Ru
Sif Muna
Trog
Uskayaw
Vehumet
Wu Jian
Xom
Yredelemnul
Zin
The Shining One
Jiyva

Shops:
D:8 ?   D:12 :   Orc:2 ([*[(   Elf:3 =   Shoals:1 (   Shoals:3 !   Snake:1 :=:=
Snake:3 (!(:   Snake:4 *:=   Vaults:1 !   Vaults:2 =   Vaults:5 *

Portals:
Hell: Depths:1 Depths:2 Depths:3 Depths:4
Abyss: Depths:3
Pandemonium: Depths:1 Depths:2
Ziggurat: Depths:2

Annotations:
Tomb:2 Boris, Mennas


Innate Abilities, Weirdness & Mutations

You are a tree.
Your roots penetrate the ground, keeping you stationary.
You cannot be teleported.
You are immune to unholy pain and torment.
Your maximum health is greatly increased.
Your equipment is partially melded.
((You have very sharp teeth.))
Your uncanny sense of smell can sniff out nearby items.
Your experience applies equally to all skills.
((You have a pair of small antennae on your head.))
((You are partially covered in iridescent scales. (AC +2)))
You are highly strong-willed. (Will++)
((Your system is resistant to poisons. (rPois)))


Message History

Boris touches you but does no damage. Mennas blocks your attack.
Mennas is lightly wounded.
You block the bennu's attack. x3
Mennas hits you with a +2 eudemon blade of holy wrath!
* * * LOW HITPOINT WARNING * * *
You block Mennas's attack. The bennu completely misses you.
You block the bennu's attack. The bennu claws you.
* * * LOW HITPOINT WARNING * * *
You block Boris's attack. Boris touches you but does no damage.
You closely miss the bennu. You block Mennas's attack.
Mennas hits you with a +2 eudemon blade of holy wrath.
* * * LOW HITPOINT WARNING * * *
The bennu pecks you but does no damage. The bennu claws you but does no damage.
You block the bennu's attack.
You feel better.
Mennas becomes audible again.
You block the bennu's attack.
The bennu claws you but does no damage. x2; You block Mennas's attack.
Mennas hits you with a +2 eudemon blade of holy wrath!
* * * LOW HITPOINT WARNING * * *
Boris gestures at you while chanting. The bolt of cold hits you! You resist.
* * * LOW HITPOINT WARNING * * *
The bennu pecks you but does no damage. The bennu claws you but does no damage.
You block the bennu's attack. Mennas hits you but does no damage.
You block Mennas's attack.
The ancient champion hits you with a +1 great sword!
* * * LOW HITPOINT WARNING * * *
Boris hits you but does no damage. Boris touches you but does no damage.
The mummy priest utters an invocation to its god.
The bennu pecks you but does no damage.
The bennu claws you but does no damage. x2
Mennas hits you but does no damage. x2
You feel better. You block the bennu's attack. The bennu claws you.
* * * LOW HITPOINT WARNING * * *
You block the bennu's attack. You block Mennas's attack.
Mennas hits you but does no damage. Boris gestures at you while chanting.
The iron shot hits you but does no damage.
The ancient champion gestures at you while chanting.
The iron shot hits you!!!
You die...

.....# ...........
.^..^# ..(.....†
.....) ....^# (
#.......##......
.^..^#
..##.......##.....
##'###
................# !#
....^#
..?.............##.#
.....#
.......z$........#.#
.....#
......WML.$..?.[...#
.^...#
.......♣bM...).....#∆
...^<#
......zA.†.........#
.....#
.:..........†......#
.....#
..##.......##......#
.....# .
#..^....##......#
.....#
...!............#
...^.#
.................#
##'###
........##.......^#
.^...#
...##.....##..#


You could see Boris (invisible), Mennas, a bennu, an ancient champion, a mummy
priest, a flayed ghost (summoned), a flying skull (summoned) and a mummy.

Vanquished Creatures
  the Royal Jelly (Slime:5)
  Tiamat (Zot:1)
  A dread lich (Vaults:5)
  16 royal mummies
  Sojobo (Crypt:2)
  A Killer Klown (Zot:1)
  Parghit (Zot:3)
  Margery (Crypt:2)
  2 shard shrikes (Zot:3)
  3 curse toes
  Bai Suzhen (Vaults:4)
  Xtahua (Vaults:4)
  Saint Roka (Elf:3)
  A caustic shrike (Depths:3)
  Nikola (Vaults:1)
  The ghost of Vailuoroe the Devastator, a veteran GrEE of Lugonu (Crypt:2)
  17 golden dragons
  A bone dragon (Abyss:3)
  A Tzitzimitl (Crypt:3)
  23 tentacled monstrosities
  2 doom hounds (Crypt:3)
  3 hellephants (Depths:3)
  Jorgrun (Elf:1)
  Grunn (Crypt:3)
  2 walking earthen tomes (Zot:4)
  6 liches
  10 quicksilver dragons
  A deep elf master archer (Elf:3)
  5 walking frostbound tomes
  5 deep elf blademasters
  5 titans (Vaults:5)
  2 walking divine tomes
  15 acid blobs
  10 ancient champions
  7 sphinxes
  Gastronok (D:8)
  11 shadow dragons
  2 tentacled starspawn (Abyss:3)
  6 tengu reavers
  2 krakens
  8 death cobs
  13 storm dragons
  2 narguns (Zot:4)
  8 fire giants
  7 revenants
  Roxanne (Snake:1)
  6 draconian knights
  10 draconian monks
  Ilsuiw (Shoals:4)
  10 rockslimes
  5 draconian scorchers
  2 nagarajas
  14 frost giants
  14 azure jellies
  4 iron dragons
  7 deep elf sorcerers
  3 ghost moths
  7 curse skulls
  2 balrugs (Abyss:3)
  An orc warlord (Vaults:1)
  16 vault wardens
  3 deep elf elementalists (Elf:3)
  7 quicksilver oozes
  11 ironbound preservers
  2 spriggan defenders (Depths:2)
  9 ghouls
  2 reapers (Crypt:3)
  5 war gargoyles
  6 draconian annihilators
  3 draconian stormcallers
  A caustic shrike skeleton (Tomb:3)
  20 very ugly things
  8 ironbound thunderhulks
  14 black draconians
  9 deep elf demonologists
  A rockslime zombie (Crypt:2)
  10 green draconians
  16 stone giants
  17 purple draconians
  5 dire elephants
  A lorocyproca (Tomb:3)
  3 spectral titans (Crypt:3)
  2 putrid mouths (Crypt:3)
  6 vampire knights
  The ghost of DSscumlord the Severer, a journeyman MiFi of Hepliaklqana (Lair:3)
  9 deep elf annihilators
  7 bennus
  15 white draconians
  9 yellow draconians
  7 red draconians
  2 spark wasps (Depths:1)
  12 eidola
  A crystal guardian (Vaults:3)
  23 mummy priests
  7 merfolk impalers
  A jiangshi (Vaults:2)
  Josephine (D:10)
  4 ettins
  7 deep elf death magi
  6 merfolk javelineers
  A shambling mangrove (Abyss:4)
  9 deep elf high priests
  17 fire dragons
  21 yaktaur captains
  2 entropy weavers
  3 spectral spriggans (Crypt:3)
  7 rakshasas
  The ghost of Mouclenn the Arsonist, a journeyman DEFE of Ashenzari (Lair:4)
  A spriggan zombie (Crypt:1)
  Erolcha (D:10)
  5 salamander tyrants
  An ogre mage (Vaults:5)
  A ghost crab (Abyss:4)
  9 great orbs of eyes
  36 vault guards
  22 ice dragons
  A catoblepas (Lair:2)
  A peacekeeper (Vaults:3)
  3 merfolk avatars
  6 anacondas
  9 hydras
  6 ironbound frosthearts
  4 spriggan air magi
  A boulder beetle (Vaults:1)
  3 death knights (Crypt:1)
  6 merfolk aquamancers
  3 vampire magi
  7 satyrs
  23 dancing weapons
  21 centaur warriors
  12 naga warriors
  10 tengu warriors
  An Orb Guardian skeleton (Crypt:3)
  46 death scarabs
  3 two-headed ogres
  6 death yaks
  9 deep troll earth magi
  5 deep troll shamans
  9 shock serpents
  A quicksilver ooze zombie (Crypt:2)
  2 spectral dire elephants (Crypt:3)
  2 thrashing horrors (Abyss:3)
  A titan zombie (Depths:3)
  4 hell hogs (Depths:3)
  6 naga sharpshooters
  20 deep elf knights
  2 spectral storm dragons (Crypt:3)
  4 orc high priests
  3 spriggan berserkers
  11 hell knights
  6 soul eaters
  2 sun demons (Abyss:3)
  2 wretched stars
  4 salamander mystics
  7 shadow wraiths (Crypt:3)
  5 iron trolls
  33 skeletal warriors
  8 spectral anacondas (Snake:3)
  A golden dragon zombie (Depths:3)
  11 sea snakes
  53 deep trolls
  A fire crab (Abyss:4)
  6 glowing orange brains
  A deep troll (shapeshifter) (Vaults:5)
  7 anaconda zombies
  A spectral hydra (Crypt:3)
  15 deep elf archers
  4 death drakes
  2 shadow dragon zombies
  A fenstrider witch simulacrum (Crypt:1)
  A shadow demon (Tomb:3)
  4 wizards
  2 swamp dragons
  12 flayed ghosts
  15 lindwurms
  23 phantasmal warriors
  18 ironbound convokers
  5 naga ritualists
  A bog body (Crypt:3)
  32 deep elf pyromancers
  A spectral fire dragon (Crypt:3)
  15 necromancers
  A spectral ettin (Crypt:3)
  10 harpies
  2 orc sorcerers
  2 wolf spiders
  21 deep elf zephyrmancers
  An anaconda skeleton (Snake:3)
  10 orc knights
  7 mana vipers
  6 shining eyes
  4 oklob plants
  5 human zombies
  27 fauns
  27 ugly things
  14 manticores
  A faun (shapeshifter) (D:15)
  A shadow dragon skeleton (Crypt:1)
  19 salamanders
  A spectral ice dragon (Crypt:3)
  A will-o-the-wisp (Abyss:3)
  14 moths of wrath
  12 cyclopes
  A fire giant skeleton (Vaults:3)
  2 spectral centaurs (Crypt:3)
  A water nymph (shapeshifter) (Vaults:5)
  Joseph (D:8)
  13 elephants
  A spectral alligator snapping turtle (Crypt:3)
  2 ice statues (IceCv)
  6 water nymphs
  2 stone giant skeletons (Depths:1)
  3 apocalypse crabs
  An iron dragon skeleton (Crypt:1)
  45 black mambas
  11 naga magi
  3 molten gargoyles (Elf:2)
  15 merfolk sirens
  8 guardian serpents
  An orange demon (Abyss:3)
  4 eyes of devastation
  7 torpor snails
  2 naga zombies
  A titan simulacrum (Depths:3)
  17 vault sentinels
  A dire elephant zombie (Crypt:1)
  A centaur skeleton (Tomb:1)
  A death yak zombie (Crypt:2)
  A hellion (Tomb:3)
  18 cane toads
  An unseen horror (D:11)
  A dire elephant skeleton (Crypt:2)
  A komodo dragon (shapeshifter) (D:14)
  A bunyip simulacrum (Crypt:3)
  2 kobold demonologists
  An efreet (Abyss:3)
  An alligator snapping turtle skeleton (Crypt:2)
  An elf skeleton (Vaults:2)
  2 spectral nagas (Crypt:3)
  A tormentor (Crypt:3)
  9 rime drakes
  A yaktaur (shapeshifter) (Elf:1)
  10 tengu conjurers
  6 ancient zymes
  18 freezing wraiths
  24 yaktaurs
  A red draconian skeleton (Crypt:2)
  6 trolls
  5 anaconda simulacra (Snake:3)
  2 spectral harpies (Crypt:3)
  A mana viper zombie (Crypt:1)
  A steelbarb worm zombie (Crypt:2)
  47 guardian mummies
  9 komodo dragons
  An ice devil (Depths:2)
  2 unseen horror skeletons
  3 polar bears
  A harpy zombie (Crypt:2)
  6 blink frogs
  A hellwing (Abyss:3)
  Prince Ribbit (D:8)
  A wolf spider simulacrum (D:14)
  A harpy skeleton (Tomb:2)
  3 tyrant leeches (Lair:5)
  25 merfolk
  4 raiju (Abyss:4)
  2 ettin zombies
  8 wind drakes
  10 hornets
  A hydra skeleton (Crypt:2)
  91 slime creatures
  7 snapping turtles
  A frost giant simulacrum (Depths:3)
  5 dream sheep
  A raiju (shapeshifter) (Vaults:5)
  A culicivora (Vaults:1)
  2 centaur simulacra
  21 flying skulls
  3 ynoxinuls (Abyss:3)
  3 air elementals
  8 large abominations
  5 spriggans
  6 vampires
  3 shadows
  5 wyverns
  An elf simulacrum (Vaults:3)
  6 fire elementals
  17 ushabtiu
  25 water elementals
  25 yaks
  12 wraiths
  6 basilisks
  A golden eye (shapeshifter) (Depths:4)
  8 golden eyes
  A neqoxec (Abyss:3)
  3 steam dragons
  5 redbacks
  A redback (shapeshifter) (D:14)
  A black mamba skeleton (Crypt:2)
  2 chaos spawn (Abyss:3)
  3 wargs
  3 vampire mosquitoes
  23 water moccasins
  23 nagas
  5 small abominations (Abyss:3)
  A deep troll zombie (Crypt:3)
  A fire bat zombie (Crypt:3)
  A swamp worm (shapeshifter) (D:11)
  Duvessa (D:4)
  6 acid dragons
  A deep troll skeleton (Crypt:1)
  2 floating eyes
  A naga skeleton (Crypt:1)
  3 swamp drakes (Lair:5)
  3 sky beasts
  A black bear (Lair:4)
  2 ice beasts
  41 orc warriors
  2 spriggan simulacra
  A boggart (Lair:4)
  A human skeleton (Vaults:2)
  25 centaurs
  4 ogres
  17 wolves
  A manticore skeleton (Crypt:1)
  3 kobold brigands (D:8)
  11 bullfrogs
  2 gnoll sergeants (D:5)
  A necrophage (Crypt:3)
  3 earth elementals
  2 scorpions
  A human simulacrum (Vaults:2)
  12 wights
  3 killer bees
  Dowan (D:4)
  4 lindwurm simulacra (IceCv)
  11 electric eels
  3 spriggan skeletons
  A polar bear skeleton (Crypt:3)
  11 howler monkeys
  3 lava snakes (Lair:3)
  3 quasits (Abyss:3)
  6 komodo dragon simulacra (IceCv)
  3 hounds (D:5)
  7 jellies
  13 orc priests
  10 starcursed masses
  Jessica (D:3)
  4 iguanas
  Ijyb (D:3)
  Terence (D:2)
  A black bear skeleton (Crypt:3)
  A gnoll bouda (D:8)
  Natasha (twice) (D:3)
  18 orc wizards
  3 lightning spires (Zot:4)
  An ogre skeleton (Crypt:1)
  40 mummies
  Robin (D:2)
  15 gnolls
  3 adders
  3 acid dragon simulacra (IceCv)
  3 shadow imps
  4 white imps
  2 ufetubi (Abyss:3)
  8 steam dragon simulacra (IceCv)
  A worm zombie (Crypt:2)
  A lava snake zombie (Crypt:3)
  A worm (D:4)
  2 dart slugs (D:2)
  71 orcs
  5 bats
  A bat zombie (Crypt:3)
  5 endoplasms
  4 giant cockroaches
  18 goblins
  10 hobgoblins
  4 jackals
  9 kobolds
  3 quokkas
  9 ball pythons
  2 frilled lizards
  A frilled lizard zombie (Crypt:1)
  A quokka zombie (Crypt:1)
  4 rats
  A lurking horror (Abyss:3)
  2 tentacles (Abyss:4)
2680 creatures vanquished.

Vanquished Creatures (collateral kills)
  A walking earthen tome (Zot:4)
  2 ironbound preservers (Vaults:2)
  A stone giant (Vaults:5)
  A centaur warrior (Shoals:1)
  2 death scarabs (Tomb:3)
  2 deep trolls
  An ironbound convoker (Vaults:4)
  2 harpies (Vaults:2)
  3 guardian mummies (Tomb:3)
  A wind drake (Shoals:1)
  2 slime creatures (Slime:1)
  An ushabti (Tomb:3)
19 creatures vanquished.

Vanquished Creatures (others)
  A quicksilver dragon (Depths:4)
  A storm dragon (Zot:1)
  A draconian knight (Zot:1)
  A purple draconian (Zot:2)
  A centaur warrior (D:14)
  A hell knight (Crypt:2)
  3 deep elf knights (Elf:1)
  A soul eater (Crypt:2)
  3 wizards
  A deep elf pyromancer (Elf:3)
  A deep elf zephyrmancer (Elf:3)
  A molten gargoyle (Elf:2)
  A troll (D:14)
  A snapping turtle (Shoals:4)
  2 water elementals
  A basilisk (Lair:5)
  A centaur (D:14)
  An orc (Elf:1)
  A demonic plant (Abyss:3)
  41 fungi
  A lurking horror (Abyss:3)
  338 plants
  10 starspawn tentacles (Abyss:3)
  11 tentacles
425 creatures vanquished.

Grand Total: 3124 creatures vanquished

Notes
Turn   | Place    | Note
-------+----------+-------------------------------------------
     0 | D:1      | wormed the Gnoll Hexslinger began the quest for the Orb.
     0 | D:1      | Reached XP level 1. HP: 17/17 MP: 4/4
   208 | D:1      | Reached XP level 2. HP: 23/23 MP: 5/5
   698 | D:2      | Reached XP level 3. HP: 28/28 MP: 7/7
   771 | D:2      | Noticed Terence
   804 | D:2      | Killed Terence
   805 | D:2      | Reached skill level 1 in Short Blades
   805 | D:2      | Reached skill level 1 in Long Blades
   805 | D:2      | Reached skill level 1 in Axes
   805 | D:2      | Reached skill level 1 in Maces & Flails
   805 | D:2      | Reached skill level 1 in Polearms
   805 | D:2      | Reached skill level 1 in Staves
   805 | D:2      | Reached skill level 1 in Throwing
   805 | D:2      | Reached skill level 1 in Armour
   805 | D:2      | Reached skill level 1 in Stealth
   805 | D:2      | Reached skill level 1 in Shields
   805 | D:2      | Reached skill level 1 in Unarmed Combat
   805 | D:2      | Reached skill level 1 in Invocations
   805 | D:2      | Reached skill level 1 in Evocations
   938 | D:1      | Learned a level 3 spell: Inner Flame
  1041 | D:2      | Reached XP level 4. HP: 21/34 MP: 8/8
  1279 | D:2      | Reached skill level 1 in Conjurations
  1279 | D:2      | Reached skill level 1 in Summonings
  1279 | D:2      | Reached skill level 1 in Necromancy
  1279 | D:2      | Reached skill level 1 in Translocations
  1279 | D:2      | Reached skill level 1 in Transmutations
  1279 | D:2      | Reached skill level 1 in Fire Magic
  1279 | D:2      | Reached skill level 1 in Ice Magic
  1279 | D:2      | Reached skill level 1 in Air Magic
  1279 | D:2      | Reached skill level 1 in Earth Magic
  1279 | D:2      | Reached skill level 1 in Poison Magic
  1758 | D:3      | Noticed Robin
  1829 | D:2      | Killed Robin
  1830 | D:2      | Reached XP level 5. HP: 15/40 MP: 3/9
  2087 | D:3      | Noticed Ijyb
  2098 | D:3      | Killed Ijyb
  2137 | D:3      | Noticed Jessica
  2139 | D:3      | Killed Jessica
  2345 | D:3      | Noticed Natasha
  2349 | D:3      | Killed Natasha
  2350 | D:3      | Reached XP level 6. HP: 47/47 MP: 11/11
  2389 | D:3      | Noticed Natasha
  2392 | D:3      | Killed Natasha
  2393 | D:3      | Reached skill level 2 in Short Blades
  2393 | D:3      | Reached skill level 5 in Ranged Weapons
  2393 | D:3      | Reached skill level 5 in Dodging
  2403 | D:3      | Identified the ring of Raaxek {Fly rElec rF+ rN+ Dex-2}
  3072 | D:4      | Noticed Duvessa
  3073 | D:4      | Noticed Dowan
  3080 | D:4      | Killed Dowan
  3121 | D:4      | Killed Duvessa
  3122 | D:4      | Reached XP level 7. HP: 13/52 MP: 7/12
  3302 | D:4      | Found a staircase to the Ecumenical Temple.
  3353 | Temple   | Entered the Ecumenical Temple
  3361 | Temple   | Became a worshipper of Cheibriados the Contemplative
  3865 | D:5      | Entered Level 5 of the Dungeon
  4124 | D:5      | HP: 1/53 [gnoll/+0 flail[a gnoll sergeant] (7)]
  4871 | D:6      | Reached skill level 3 in Short Blades
  4871 | D:6      | Reached XP level 8. HP: 59/60 MP: 14/14
  4881 | D:5      | Reached * piety under Cheibriados
  4901 | D:5      | HP: 3/60 [something (2)]
  5296 | D:6      | Noticed a deep elf pyromancer
  5304 | D:6      | Killed a deep elf pyromancer
  5305 | D:6      | Reached skill level 4 in Short Blades
  5305 | D:6      | Reached XP level 9. HP: 58/67 MP: 6/16
  5327 | D:6      | Reached skill level 5 in Spellcasting
  5698 | D:6      | Reached skill level 5 in Fighting
  6455 | D:7      | Reached ** piety under Cheibriados
  6507 | D:7      | Found a flagged portal.
  6526 | Bailey   | Entered a bailey
  6732 | Bailey   | Noticed an orc knight
  6783 | Bailey   | Noticed an orc knight
  6802 | Bailey   | Killed an orc knight
  6803 | Bailey   | Reached skill level 5 in Invocations
  6894 | Bailey   | Killed an orc knight
  6984 | Bailey   | Reached skill level 5 in Short Blades
  6984 | Bailey   | Reached skill level 5 in Long Blades
  6984 | Bailey   | Reached skill level 5 in Axes
  6984 | Bailey   | Reached skill level 5 in Maces & Flails
  6984 | Bailey   | Reached skill level 5 in Polearms
  6984 | Bailey   | Reached skill level 5 in Staves
  6984 | Bailey   | Reached skill level 5 in Throwing
  6984 | Bailey   | Reached skill level 5 in Armour
  6984 | Bailey   | Reached skill level 5 in Stealth
  6984 | Bailey   | Reached skill level 5 in Shields
  6984 | Bailey   | Reached skill level 5 in Unarmed Combat
  6984 | Bailey   | Reached skill level 5 in Evocations
  6984 | Bailey   | Reached XP level 10. HP: 74/76 MP: 15/18
  7478 | D:7      | Found an ancient bone altar of Kikubaaqudgha.
  7486 | D:7      | Found a basalt altar of Yredelemnul.
  7493 | D:7      | Found a blossoming altar of Fedhas.
  7500 | D:7      | Found a broken altar of Ashenzari.
  7508 | D:7      | Found a burning altar of Makhleb.
  7516 | D:7      | Found a shadowy altar of Dithmenos.
  7521 | D:7      | Found a hazy altar of Hepliaklqana.
  7894 | D:8      | Found Yrielu's Magic Scroll Boutique.
  7905 | D:8      | Noticed Prince Ribbit
  7910 | D:8      | Killed Prince Ribbit
  8097 | D:8      | Reached *** piety under Cheibriados
  8271 | D:8      | Noticed Joseph
  8280 | D:8      | Killed Joseph
  8302 | D:8      | Noticed Gastronok
  8530 | D:8      | Killed Gastronok
  9284 | D:8      | Identified a scroll of acquirement
  9284 | D:8      | Acquired the +3 Elemental Staff {rElec rF++ rC++ AC+5}
  9284 | D:8      | Found the +3 Elemental Staff {rElec rF++ rC++ AC+5}
  9393 | D:9      | Noticed a kobold demonologist
  9403 | D:8      | Killed a kobold demonologist
  9404 | D:8      | Reached skill level 6 in Short Blades
  9404 | D:8      | Reached skill level 5 in Conjurations
  9404 | D:8      | Reached skill level 5 in Summonings
  9404 | D:8      | Reached skill level 5 in Necromancy
  9404 | D:8      | Reached skill level 5 in Translocations
  9404 | D:8      | Reached skill level 5 in Transmutations
  9404 | D:8      | Reached skill level 5 in Fire Magic
  9404 | D:8      | Reached skill level 5 in Ice Magic
  9404 | D:8      | Reached skill level 5 in Air Magic
  9404 | D:8      | Reached skill level 5 in Earth Magic
  9404 | D:8      | Reached skill level 5 in Poison Magic
  9404 | D:8      | Reached XP level 11. HP: 83/83 MP: 19/21
  9527 | D:9      | Reached **** piety under Cheibriados
  9821 | D:9      | Found a staircase to the Orcish Mines.
 10509 | D:10     | Entered Level 10 of the Dungeon
 10827 | D:10     | Noticed a two-headed ogre
 10833 | D:10     | Killed a two-headed ogre
 10846 | D:10     | Noticed Erolcha
 10851 | D:10     | Killed Erolcha
 11285 | D:10     | Noticed Josephine
 11310 | D:10     | Reached ***** piety under Cheibriados
 11320 | D:10     | Killed Josephine
 11320 | D:10     | HP: 2/74 [cloud of flame (5)]
 11802 | D:10     | You fall into a shaft and drop 2 floors!
 12019 | D:11     | Found a staircase to the Lair.
 12456 | D:11     | Learned a level 3 spell: Stone Arrow
 12595 | D:11     | Noticed a manticore
 12599 | D:11     | Killed a manticore
 12600 | D:11     | Reached skill level 7 in Short Blades
 12656 | D:11     | Noticed a cyclops
 12664 | D:11     | Killed a cyclops
 12665 | D:11     | Reached XP level 12. HP: 91/91 MP: 5/23
 13858 | D:11     | Got Experienced Witchery
 14101 | D:12     | Found Nemmeyfa's Self-Improvement Boutique.
 14554 | D:13     | Noticed a two-headed ogre
 14559 | D:13     | Killed a two-headed ogre
 14677 | D:13     | Noticed a two-headed ogre
 14683 | D:13     | Killed a two-headed ogre
 14753 | D:13     | Noticed a tengu warrior
 14754 | D:13     | Noticed a tengu warrior
 14761 | D:13     | Killed a tengu warrior
 14763 | D:13     | Killed a tengu warrior
 15208 | D:13     | Found an opulent altar of Gozag.
 15449 | Lair:1   | Entered Level 1 of the Lair of Beasts
 15795 | Lair:1   | Reached skill level 8 in Short Blades
 15908 | Lair:1   | Found an ornate altar of the Wu Jian Council.
 16389 | Lair:2   | Reached XP level 13. HP: 99/99 MP: 25/25
 16664 | Lair:2   | Reached ****** piety under Cheibriados
 17199 | Lair:2   | Reached skill level 10 in Ranged Weapons
 17199 | Lair:2   | Reached skill level 10 in Dodging
 17989 | Lair:3   | Found a staircase to the Shoals.
 18036 | Lair:3   | Found a staircase to the Snake Pit.
 18069 | Lair:3   | Reached skill level 9 in Short Blades
 18222 | Lair:3   | Noticed DSscumlord's ghost (journeyman MiFi)
 18226 | Lair:3   | Found a runed translucent door.
 18296 | Lair:3   | Identified the +2 pair of gloves of Ennui {Rampage rPois
                  | rC+}
 18456 | Lair:3   | Found a snail-covered altar of Cheibriados.
 18825 | Lair:3   | Killed DSscumlord's ghost
 19072 | Lair:4   | Found a runed translucent door.
 19074 | Lair:4   | Noticed Mouclenn's ghost (journeyman DEFE)
 19084 | Lair:4   | Reached XP level 14. HP: 107/108 MP: 23/27
 19101 | Lair:4   | Identified the +6 trident of Frustration {pain, rElec rC-
                  | Will- Dex+7}
 19166 | Lair:4   | Reached skill level 10 in Invocations
 19325 | Lair:4   | Found a staircase to the Slime Pits.
 19325 | Lair:4   | Found a viscous altar of Jiyva.
 19807 | Lair:4   | Killed Mouclenn's ghost
 19933 | Lair:5   | Entered Level 5 of the Lair of Beasts
 19978 | Lair:5   | Reached skill level 10 in Spellcasting
 20044 | Lair:5   | Reached skill level 10 in Fighting
 20436 | Lair:5   | Reached skill level 10 in Hexes
 20581 | Lair:5   | Reached skill level 10 in Short Blades
 20581 | Lair:5   | Reached skill level 10 in Long Blades
 20581 | Lair:5   | Reached skill level 10 in Axes
 20581 | Lair:5   | Reached skill level 10 in Maces & Flails
 20581 | Lair:5   | Reached skill level 10 in Polearms
 20581 | Lair:5   | Reached skill level 10 in Staves
 20581 | Lair:5   | Reached skill level 10 in Throwing
 20581 | Lair:5   | Reached skill level 10 in Armour
 20581 | Lair:5   | Reached skill level 10 in Stealth
 20581 | Lair:5   | Reached skill level 10 in Shields
 20581 | Lair:5   | Reached skill level 10 in Unarmed Combat
 20581 | Lair:5   | Reached skill level 10 in Evocations
 20834 | Lair:5   | Reached XP level 15. HP: 117/117 MP: 22/29
 21031 | Lair:5   | Found a runed translucent door.
 22387 | D:14     | Found a gate to the Vaults.
 23285 | D:15     | Entered Level 15 of the Dungeon
 23966 | D:15     | Found a staircase to the Depths.
 24486 | Orc:1    | Entered Level 1 of the Orcish Mines
 24638 | Orc:1    | Found a frozen archway.
 24706 | IceCv    | Entered an ice cave
 24917 | IceCv    | Reached XP level 16. HP: 125/125 MP: 8/31
 25039 | IceCv    | Identified the amulet "Ves Cuba" {Reflect Int+4 SH+5}
 25380 | Orc:2    | Entered Level 2 of the Orcish Mines
 25404 | Orc:2    | Reached skill level 11 in Short Blades
 25920 | Orc:2    | Found a staircase to the Elven Halls.
 26069 | Orc:2    | Found Jawev's Antique Weapon Shop.
 26151 | Orc:2    | Found Jeixten's Armour Boutique.
 26151 | Orc:2    | Found Itiremuc's General Store.
 26151 | Orc:2    | Found Rizxenis's Antique Armour Emporium.
 26154 | Orc:2    | Found Otwin's Antique Weapon Shop.
 26455 | D:9      | Learned a level 4 spell: Flame Wave
 26595 | Shoals:1 | Entered Level 1 of the Shoals
 26669 | Lair:3   | Learned a level 6 spell: Statue Form
 26679 | Snake:1  | Entered Level 1 of the Snake Pit
 26738 | Snake:1  | Found Guseomy's Jewellery Emporium.
 26740 | Snake:1  | Found Merai's Book Shop.
 26741 | Snake:1  | Found Totzoo Zoude's Jewellery Emporium.
 26749 | Snake:1  | Bought a book of Unlife for 540 gold pieces
 26755 | Snake:1  | Learned a level 5 spell: Borgnjor's Vile Clutch
 26879 | Snake:1  | Identified Roxanne's Omnibus of the Fjord
 26879 | Snake:1  | Noticed Roxanne
 26894 | Snake:1  | Killed Roxanne
 27344 | Snake:1  | Found an ornate altar of the Wu Jian Council.
 27608 | Snake:1  | Found Zywkoat's Tremendous Tomes.
 27617 | Snake:1  | Bought Seutsagu's Opusculum on the Curse and Conflagration
                  | for 1144 gold pieces
 27617 | Snake:1  | Bought the Atlas of Variation for 1196 gold pieces
 27625 | Snake:1  | Learned a level 5 spell: Irradiate
 27631 | Snake:1  | Learned a level 5 spell: Fireball
 27643 | Snake:1  | Learned a level 8 spell: Ignition
 27685 | Snake:2  | Noticed a nagaraja
 27764 | Snake:2  | Killed a nagaraja
 29495 | Snake:3  | Reached XP level 17. HP: 132/133 MP: 20/33
 29797 | Snake:3  | Found Deoliu's Book Shoppe.
 29799 | Snake:3  | Found Muelamn's Antique Weapon Shoppe.
 29799 | Snake:3  | Found Ataapa's Distillery.
 29804 | Snake:3  | Found Ladypil's Antique Weapon Emporium.
 29995 | Snake:3  | Reached skill level 10 in Conjurations
 29995 | Snake:3  | Reached skill level 10 in Summonings
 29995 | Snake:3  | Reached skill level 10 in Necromancy
 29995 | Snake:3  | Reached skill level 10 in Translocations
 29995 | Snake:3  | Reached skill level 10 in Transmutations
 29995 | Snake:3  | Reached skill level 10 in Fire Magic
 29995 | Snake:3  | Reached skill level 10 in Ice Magic
 29995 | Snake:3  | Reached skill level 10 in Air Magic
 29995 | Snake:3  | Reached skill level 10 in Earth Magic
 29995 | Snake:3  | Reached skill level 10 in Poison Magic
 30562 | Snake:4  | Entered Level 4 of the Snake Pit
 30658 | Snake:4  | Reached skill level 12 in Short Blades
 30978 | Snake:4  | Found Nirhiol's Assorted Antiques.
 30978 | Snake:4  | Found Loij's Book Boutique.
 30981 | Snake:4  | Found Oteahawu's Jewellery Shop.
 31055 | Snake:4  | Bought a book of the Wilderness for 684 gold pieces
 31061 | Snake:4  | Learned a level 5 spell: Summon Forest
 31316 | Snake:4  | Noticed a quicksilver dragon
 31316 | Snake:4  | Noticed a quicksilver dragon
 31331 | Snake:4  | Killed a quicksilver dragon
 31335 | Snake:4  | Killed a quicksilver dragon
 31342 | Snake:4  | Got a serpentine rune of Zot
 33097 | Shoals:1 | Reached XP level 18. HP: 142/142 MP: 6/34
 33630 | Shoals:1 | Found Onna's Weapon Boutique.
 35502 | Shoals:3 | Found Fuosogif's Distillery.
 36632 | Shoals:4 | Entered Level 4 of the Shoals
 36750 | Shoals:3 | Reached skill level 13 in Short Blades
 36907 | Shoals:4 | Noticed Ilsuiw
 37154 | Shoals:4 | Killed Ilsuiw
 37547 | Shoals:4 | Got a barnacled rune of Zot
 37883 | Shoals:4 | Reached XP level 19. HP: 147/150 MP: 30/36
 38150 | Shoals:4 | Got the Omnibus of Weathered Shapeshifting
 39319 | Vaults:1 | Entered Level 1 of the Vaults
 39327 | Vaults:1 | Learned a level 6 spell: Iron Shot
 39974 | Vaults:1 | Noticed Nikola
 39984 | Vaults:1 | Killed Nikola
 40524 | Vaults:1 | Found Enaal's Distillery.
 41406 | Vaults:2 | Reached skill level 15 in Invocations
 41707 | Vaults:2 | Found a staircase to the Crypt.
 41721 | Vaults:2 | Reached XP level 20. HP: 159/159 MP: 8/38
 41788 | Abyss:3  | Cast into level 3 of the Abyss (a wizard)
 42101 | Abyss:3  | Reached skill level 14 in Short Blades
 42203 | Abyss:3  | Noticed a bone dragon
 42225 | Abyss:3  | Killed a bone dragon
 42231 | Abyss:3  | Paralysed by accursed screaming for 2 turns
 42236 | Abyss:3  | Found a corrupted altar of Lugonu.
 42765 | Abyss:3  | Paralysed by accursed screaming for 1 turns
 42773 | Abyss:3  | Paralysed by accursed screaming for 1 turns
 42830 | Vaults:2 | Escaped the Abyss
 43841 | Vaults:2 | Found Zinlaguc's Jewellery Shop.
 44057 | Vaults:3 | Reached skill level 15 in Ranged Weapons
 44057 | Vaults:3 | Reached skill level 15 in Dodging
 44467 | Vaults:3 | Learned a level 7 spell: Ozocubu's Refrigeration
 45740 | Vaults:4 | Noticed Bai Suzhen
 45935 | Vaults:4 | Noticed Xtahua
 46154 | Vaults:4 | Killed Bai Suzhen
 46155 | Vaults:4 | Reached XP level 21. HP: 167/167 MP: 5/39
 46828 | Vaults:4 | Killed Xtahua
 46829 | Vaults:4 | Reached skill level 15 in Spellcasting
 47055 | Vaults:4 | Found Goyniam's Distillery.
 47114 | Vaults:4 | Reached skill level 15 in Fighting
 48084 | Elf:1    | Entered Level 1 of the Elven Halls
 48972 | Elf:1    | Identified the +9 quarterstaff of the Slashing Gods {pain,
                  | Dex+5}
 48995 | Elf:1    | Reached skill level 15 in Short Blades
 48995 | Elf:1    | Reached skill level 15 in Long Blades
 48995 | Elf:1    | Reached skill level 15 in Axes
 48995 | Elf:1    | Reached skill level 15 in Maces & Flails
 48995 | Elf:1    | Reached skill level 15 in Polearms
 48995 | Elf:1    | Reached skill level 15 in Staves
 48995 | Elf:1    | Reached skill level 15 in Throwing
 48995 | Elf:1    | Reached skill level 15 in Armour
 48995 | Elf:1    | Reached skill level 15 in Stealth
 48995 | Elf:1    | Reached skill level 15 in Shields
 48995 | Elf:1    | Reached skill level 15 in Unarmed Combat
 48995 | Elf:1    | Reached skill level 15 in Evocations
 49170 | Elf:1    | Found a runed translucent gate.
 49170 | Elf:1    | Found a runed translucent gate.
 49170 | Elf:1    | Found a runed translucent gate.
 49170 | Elf:1    | Found a runed translucent gate.
 49170 | Elf:1    | Found a runed translucent gate.
 49171 | Elf:1    | Found a runed translucent gate.
 49224 | Elf:1    | Noticed Jorgrun
 49230 | Elf:1    | Killed Jorgrun
 50156 | Elf:2    | Paralysed by an air elemental for 1 turns
 50158 | Elf:2    | Paralysed by an air elemental for 1 turns
 50706 | Elf:2    | Found a portal to a secret trove of treasure.
 51018 | Elf:2    | Found a huge runed translucent gate.
 51018 | Elf:2    | Found a huge runed translucent gate.
 51018 | Elf:2    | Found a huge runed translucent gate.
 51019 | Elf:2    | Found a huge runed translucent gate.
 51019 | Elf:2    | Found a huge runed translucent gate.
 51617 | Elf:2    | Reached XP level 22. HP: 131/176 MP: 4/41
 51947 | Elf:3    | Entered Level 3 of the Elven Halls
 52347 | Elf:3    | Paralysed by an air elemental for 1 turns
 52848 | Elf:3    | Identified the +2 broad axe "Estrof" {flame, Str+2 Stlth+}
 53042 | Elf:3    | Identified the ring "Sock" {Wiz Slay+5}
 53054 | Elf:3    | Identified the +6 dagger of Nofrea Ydyo {freeze, Str+3
                  | Dex+6}
 53063 | Elf:3    | Identified the ring "Alerig" {*Corrode rPois rF+++ Int+4
                  | SInv}
 53216 | Elf:3    | Identified the +8 dagger of Lezit {freeze, rCorr Int+5}
 53780 | Elf:3    | Found Raosoitt's Jewellery Emporium.
 54276 | Elf:3    | Found a huge runed translucent gate.
 54276 | Elf:3    | Found a huge runed translucent gate.
 54276 | Elf:3    | Found a huge runed translucent gate.
 54276 | Elf:3    | Found a huge runed translucent gate.
 54278 | Elf:3    | Found a huge runed translucent gate.
 54279 | Elf:3    | Found a huge runed translucent gate.
 54281 | Elf:3    | Found a huge runed translucent gate.
 54311 | Elf:3    | Found a huge runed translucent gate.
 54350 | Elf:3    | Noticed Saint Roka
 54357 | Elf:3    | Killed Saint Roka
 54995 | Snake:4  | Bought a book of Spatial Translocations for 360 gold pieces
 54998 | Snake:4  | Learned a level 2 spell: Blink
 55769 | Vaults:5 | Entered Level 5 of the Vaults
 56228 | Vaults:4 | Reached XP level 23. HP: 72/184 MP: 11/43
 56846 | Vaults:5 | Reached skill level 16 in Short Blades
 57652 | Vaults:5 | Identified the +9 short sword of Extinguishment {protect,
                  | Int+2}
 57940 | Vaults:5 | Identified the +5 scimitar of Tyj Ecuo {freeze, *Slow rElec
                  | Will++ SInv}
 58516 | Vaults:5 | Noticed a dread lich
 58521 | Vaults:5 | Killed a dread lich
 58772 | Vaults:5 | Identified the ring "Liemnump" {rF+ rC- Will+ Str+6 Dex+4}
 58911 | Vaults:5 | Paralysed by something for 4 turns
 59318 | Vaults:5 | Found Nyluid's Assorted Antiques.
 59319 | Vaults:5 | Identified the +3 chain mail of Liberty {rC- rCorr Str-4
                  | Dex+3}
 59530 | Vaults:5 | Got a silver rune of Zot
 60005 | Slime:1  | Entered Level 1 of the Pits of Slime
 60311 | Slime:1  | Gained mutation: Your body sometimes deteriorates upon
                  | taking damage. [a shining eye]
 60333 | Slime:1  | Gained mutation: You are weak. (Str -2) [a shining eye]
 60858 | Slime:2  | Gained mutation: You are very weak. (Str -4) [a shining
                  | eye]
 60859 | Slime:2  | Gained mutation: Armour fits poorly on your strangely
                  | shaped body. [a shining eye]
 61064 | Slime:1  | Lost mutation: You are very weak. (Str -4) [potion of
                  | mutation]
 61064 | Slime:1  | Lost mutation: Your body sometimes deteriorates upon taking
                  | damage. [potion of mutation]
 61064 | Slime:1  | Lost mutation: You are weak. (Str -2) [potion of mutation]
 61064 | Slime:1  | Gained mutation: You are strong-willed. (Will+) [potion of
                  | mutation]
 61064 | Slime:1  | Gained mutation: You are covered in fur. (AC +1) [potion of
                  | mutation]
 61064 | Slime:1  | Gained mutation: You sometimes lose your temper in combat.
                  | [potion of mutation]
 61064 | Slime:1  | Gained mutation: You have a pair of small antennae on your
                  | head. [potion of mutation]
 61065 | Slime:1  | Lost mutation: You sometimes lose your temper in combat.
                  | [potion of mutation]
 61065 | Slime:1  | Lost mutation: You have a pair of small antennae on your
                  | head. [potion of mutation]
 61065 | Slime:1  | Lost mutation: Armour fits poorly on your strangely shaped
                  | body. [potion of mutation]
 61065 | Slime:1  | Gained mutation: Your mind is acute. (Int +4, Str/Dex -1)
                  | [potion of mutation]
 61065 | Slime:1  | Gained mutation: You are highly strong-willed. (Will++)
                  | [potion of mutation]
 61222 | Slime:3  | Gained mutation: You are vulnerable to cold. (rC-) [a
                  | shining eye]
 62482 | Slime:5  | Entered Level 5 of the Pits of Slime
 62511 | Slime:5  | Noticed the Royal Jelly
 62514 | Slime:5  | Reached skill level 15 in Hexes
 62624 | Slime:5  | Killed the Royal Jelly
 62625 | Slime:5  | Reached XP level 24. HP: 193/193 MP: 12/43
 63010 | Slime:5  | Got the Anthology of Mutagenic Rot
 63021 | Slime:5  | Identified the +8 broad axe "Voleni" {freeze, Str+4}
 63033 | Slime:5  | Identified the +4 quarterstaff of Ytetik {heavy, rC+ rN+
                  | MP+9 Str+3}
 63043 | Slime:5  | Got a slimy rune of Zot
 63058 | Slime:5  | Identified the +5 flail of Integrity {pain, rN+ Stlth+}
 63075 | Slime:5  | Identified the +3 shortbow "Engaxos" {heavy, Str+5 Dex-5}
 63082 | Slime:5  | Identified the +0 morningstar "Deppohus" {protect, rN+
                  | Str-3 SInv}
 63735 | Elf:2    | You showed the slimy rune of Zot to enter a treasure trove
 63736 | Trove    | Entered a treasure trove
 63758 | Trove    | Identified the ring "Tecluont" {rPois Int+3 Slay+4}
 63763 | Trove    | Identified the +1 pair of boots of the Hills {Int+6 Stlth+}
 63764 | Trove    | Acquired 1207 gold pieces
 63776 | Trove    | Identified the +5 plate armour of the Four Places {*Slow
                  | Str+4 Int+2}
 64134 | Shoals:3 | Bought a potion of mutation for 104 gold pieces
 64134 | Shoals:3 | Lost mutation: You are covered in fur. (AC +1) [potion of
                  | mutation]
 64134 | Shoals:3 | Lost mutation: Your mind is acute. (Int +4, Str/Dex -1)
                  | [potion of mutation]
 64134 | Shoals:3 | Lost mutation: You are vulnerable to cold. (rC-) [potion of
                  | mutation]
 64134 | Shoals:3 | Gained mutation: You are partially covered in iridescent
                  | scales. (AC +2) [potion of mutation]
 64134 | Shoals:3 | Gained mutation: You are somewhat resistant to further
                  | mutation. [potion of mutation]
 64134 | Shoals:3 | Gained mutation: You have large cloven feet. [potion of
                  | mutation]
 64397 | Depths:1 | Entered Level 1 of the Depths
 64630 | Depths:1 | Found a gateway to Hell.
 65227 | Depths:1 | Found a one-way gate leading to the halls of Pandemonium.
 65259 | Depths:1 | Reached skill level 17 in Short Blades
 65550 | Depths:1 | Found a glowing golden altar of the Shining One.
 65797 | Orc:2    | Bought the +8 orange crystal plate armour {Archmagi, Int+3
                  | Clar} for 5635 gold pieces
 65797 | Orc:2    | Found the +8 orange crystal plate armour {Archmagi, Int+3
                  | Clar}
 66348 | Depths:2 | Found a one-way gateway to a ziggurat.
 67115 | Depths:2 | Learned a level 8 spell: Necromutation
 67627 | Depths:3 | Noticed a caustic shrike
 67641 | Depths:3 | Killed a caustic shrike
 68074 | Depths:3 | Paralysed by a floating eye for 3 turns
 68078 | Depths:3 | Paralysed by a floating eye for 2 turns
 68348 | Depths:3 | Found a radiant altar of Vehumet.
 68675 | Depths:3 | Reached XP level 25. HP: 202/202 MP: 28/44
 68973 | Depths:3 | Reached skill level 18 in Short Blades
 69356 | Depths:3 | Found a one-way gate to the infinite horrors of the Abyss.
 69573 | Depths:4 | Entered Level 4 of the Depths
 70896 | Depths:4 | Reached skill level 15 in Conjurations
 70896 | Depths:4 | Reached skill level 15 in Summonings
 70896 | Depths:4 | Reached skill level 15 in Necromancy
 70896 | Depths:4 | Reached skill level 15 in Translocations
 70896 | Depths:4 | Reached skill level 15 in Transmutations
 70896 | Depths:4 | Reached skill level 15 in Fire Magic
 70896 | Depths:4 | Reached skill level 15 in Ice Magic
 70896 | Depths:4 | Reached skill level 15 in Air Magic
 70896 | Depths:4 | Reached skill level 15 in Earth Magic
 70896 | Depths:4 | Reached skill level 15 in Poison Magic
 71252 | Depths:4 | Found a gate to the Realm of Zot.
 71607 | Depths:4 | Identified the +5 scale mail of the Guild-Master {Rampage
                  | Regen+ rCorr Slay+3}
 71650 | Zot:1    | Entered Level 1 of the Realm of Zot
 72098 | Zot:1    | Reached skill level 19 in Short Blades
 72491 | Zot:1    | Reached XP level 26. HP: 162/211 MP: 7/45
 72835 | Zot:1    | Identified the +6 battleaxe "Oxzeg" {flame, Contam rF-
                  | Str+3 Int+5}
 72835 | Zot:1    | Found the +4 dragonskin cloak
 72835 | Zot:1    | Noticed Tiamat
 72893 | Zot:1    | Killed Tiamat
 74057 | Zot:1    | Learned a level 8 spell: Disjunction
 74063 | Zot:2    | Noticed a Killer Klown
 74077 | Zot:1    | Killed a Killer Klown
 74720 | Zot:2    | Identified the ring of the Tormentor {rF- rC+ Str+8 Int+2
                  | SInv}
 75040 | Zot:2    | Reached skill level 20 in Short Blades
 75497 | D:12     | Bought a manual of Translocations for 1120 gold pieces
 78036 | Zot:3    | Noticed Parghit
 78051 | Zot:3    | Killed Parghit
 78292 | Zot:3    | Identified the +1 great sword of Perversion {heavy, rN++
                  | Int+9 Stlth-}
 78490 | Zot:3    | Noticed a shard shrike
 78496 | Zot:3    | Killed a shard shrike
 78520 | Zot:3    | Noticed a shard shrike
 78525 | Zot:3    | Killed a shard shrike
 78526 | Zot:3    | Reached XP level 27. HP: 220/220 MP: 32/45
 81319 | Snake:1  | Learned a level 2 spell: Sublimation of Blood
 81321 | Snake:1  | Upgraded the game from 0.30-a0-585-g93115170b9 to
                  | 0.30-a0-586-g23e55c9e0a
 81578 | Depths:3 | Voluntarily entered the Abyss.
 81578 | Abyss:3  | Found a corrupted altar of Lugonu.
 81583 | Abyss:3  | Found a corrupted altar of Lugonu.
 81825 | Abyss:3  | Paralysed by accursed screaming for 2 turns
 81831 | Abyss:3  | Paralysed by accursed screaming for 1 turns
 82105 | Abyss:4  | Found a corrupted altar of Lugonu.
 82183 | Abyss:4  | Found a corrupted altar of Lugonu.
 82247 | Abyss:4  | Reached skill level 21 in Short Blades
 82271 | Abyss:4  | Got an abyssal rune of Zot
 82282 | Depths:3 | Escaped the Abyss
 82391 | Depths:3 | Learned a level 4 spell: Passage of Golubria
 82633 | Crypt:1  | Entered Level 1 of the Crypt
 84034 | Crypt:2  | Noticed Margery
 84048 | Crypt:2  | Killed Margery
 84060 | Crypt:2  | Noticed Sojobo
 84422 | Crypt:2  | Killed Sojobo
 84706 | Crypt:2  | Found a runed translucent door.
 84706 | Crypt:2  | Found a shimmering altar of Xom.
 84706 | Crypt:2  | Noticed Vailuoroe's ghost (veteran GrEE)
 85756 | Crypt:2  | Killed Vailuoroe's ghost
 85992 | Crypt:3  | Entered Level 3 of the Crypt
 87218 | Crypt:3  | Noticed Grunn
 87225 | Crypt:3  | Killed Grunn
 87533 | Crypt:3  | Reached skill level 22 in Short Blades
 87657 | Crypt:3  | Identified the +10 short sword "Pegoloeb" {venom, Str+4}
 87793 | Crypt:3  | Identified the +7 great mace "Lygout" {freeze, +Blink}
 88050 | Crypt:3  | Found a staircase to the Tomb.
 88384 | Crypt:3  | Got the Quarto of Unspeakable Arts
 88406 | Crypt:3  | Identified the +3 plate armour "Zarabb" {rF+}
 88788 | Snake:1  | Bought the Papyrus of the Amassed Inferno for 1196 gold
                  | pieces
 88798 | Snake:1  | Learned a level 9 spell: Fire Storm
 89419 | Tomb:1   | Entered Level 1 of the Tomb of the Ancients
 89968 | Tomb:1   | Noticed a royal mummy
 89980 | Tomb:1   | Killed a royal mummy
 90193 | Tomb:1   | Noticed a royal mummy
 90201 | Tomb:1   | Killed a royal mummy
 90890 | Tomb:2   | Noticed a royal mummy
 90891 | Tomb:2   | Noticed a royal mummy
 90891 | Tomb:2   | Noticed a royal mummy
 90904 | Tomb:2   | Killed a royal mummy
 90904 | Tomb:2   | Killed a royal mummy
 90906 | Tomb:2   | Killed a royal mummy
 90914 | Tomb:2   | Noticed a royal mummy
 90916 | Tomb:2   | Noticed a royal mummy
 90918 | Tomb:2   | Killed a royal mummy
 90931 | Tomb:2   | Noticed Boris
 90934 | Tomb:2   | Killed a royal mummy
 91479 | Tomb:3   | Entered Level 3 of the Tomb of the Ancients
 91501 | Tomb:3   | Noticed a royal mummy
 91509 | Tomb:3   | Killed a royal mummy
 91510 | Tomb:3   | Noticed a royal mummy
 91510 | Tomb:3   | Noticed a royal mummy
 91533 | Tomb:3   | Noticed a royal mummy
 91544 | Tomb:3   | Noticed a royal mummy
 91549 | Tomb:3   | Killed a royal mummy
 91621 | Tomb:3   | Killed a royal mummy
 91626 | Tomb:3   | Noticed a royal mummy
 91640 | Tomb:3   | Reached skill level 23 in Short Blades
 91647 | Tomb:3   | Identified the +9 glaive of Amorous Reinforcement {flame,
                  | rF+ Will+ SInv}
 91658 | Tomb:3   | Gained mutation: Your magical capacity is low. (-10% MP)
                  | [mutagenic glow]
 91660 | Tomb:3   | Noticed a royal mummy
 91673 | Tomb:3   | Killed a royal mummy
 91673 | Tomb:3   | HP: 6/225 [something (16)]
 91679 | Tomb:3   | HP: 11/223 [??? (9)]
 91680 | Tomb:3   | Killed a royal mummy
 91680 | Tomb:3   | Killed a royal mummy
 91680 | Tomb:3   | HP: 1/214 [something (6)]
 91688 | Tomb:3   | Noticed a royal mummy
 91700 | Tomb:3   | Killed a royal mummy
 91710 | Tomb:3   | Killed a royal mummy
 92079 | Tomb:3   | Noticed a royal mummy
 92102 | Tomb:3   | Killed a royal mummy
 92339 | Tomb:3   | Got Erumiv's Precepts of Hurting
 92605 | Tomb:3   | Got a golden rune of Zot
 92671 | Tomb:3   | Lost mutation: You have large cloven feet. [potion of
                  | mutation]
 92671 | Tomb:3   | Lost mutation: You are somewhat resistant to further
                  | mutation. [potion of mutation]
 92671 | Tomb:3   | Gained mutation: Your spells are a little harder to cast,
                  | but a little more powerful. [potion of mutation]
 92672 | Tomb:3   | Lost mutation: Your spells are a little harder to cast, but
                  | a little more powerful. [potion of mutation]
 92672 | Tomb:3   | Lost mutation: Your magical capacity is low. (-10% MP)
                  | [potion of mutation]
 92672 | Tomb:3   | Gained mutation: You have a pair of small antennae on your
                  | head. [potion of mutation]
 92672 | Tomb:3   | Gained mutation: Your system is resistant to poisons.
                  | (rPois) [potion of mutation]
 93776 | Snake:1  | Bought the Atlas of Profane Rites and Wounds for 1409 gold
                  | pieces
 94291 | Tomb:2   | Noticed Mennas
 94302 | Tomb:2   | HP: 9/339 [Boris/bolt of cold (10)]
 94302 | Tomb:2   | HP: 1/339 [ancient champion/+1 great sword (8)]
 94303 | Tomb:2   | Killed from afar by an ancient champion

Illustrated notes

Levels and vault maps discovered:
D:1:      erik_arrival_triangle_small, layout_loops_ring,
          minmay_misc_feat_nine_boxes, item_on_display_a
D:2:      layout_basic, serial_bayou_lagoon_b, uniq_terence
D:3:      layout_rooms, uniq_robin, uniq_ijyb, uniq_natasha, uniq_jessica
D:4:      dreamdust_elfheim, layout_loops_ring,
          minmay_temple_entry_gardened_gates, chequers_serial_rivers_micro_d
D:5:      layout_loops_ring, minmay_misc_feat_four_crosses,
          minmay_misc_feat_more_columns, uniq_crazy_yiuf_cottage, uniq_duvessa
D:6:      layout_basic, guppyfry_early_elven_hall
D:7:      layout_basic, grunt_temple_overflow_octagram, enter_bailey_5
D:8:      layout_basic, serial_shops, nicolae_stop_n_shop_1,
          uniq_prince_ribbit1, uniq_gastronok, uniq_joseph
D:9:      layout_irregular_city, orc_0_dummy
D:10:     layout_basic, nrook_campfire, uniq_josephine, uniq_erolcha
D:11:     layout_basic, lair_entry_dummy, evilmike_minifort
D:12:     layout_basic, dreamdust_princess_corridor, nicolae_shop_self_help
D:13:     layout_irregular_city, nicolae_gozag_cash_rules_everything_around_me
D:14:     layout_roguey, lightli_vaults_fourway_checkpoint,
          serial_co_window_serial, co_window_of_opportunity_a,
          co_window_paths_a, co_window_of_opportunity_a,
          co_window_of_opportunity_a, co_window_paths_a,
          co_window_of_opportunity_b, co_window_broadway_a,
          co_window_broadway_c, co_window_broadway_b, co_window_sun,
          co_window_paths_d, grunt_ministairs_3, chequers_serial_rivers_small_a
D:15:     gammafunk_enter_depths_forms, layout_long_grid, minmay_misc_feat_roman
Temple:   nicolae_temple_no_exploring_needed
Lair:1:   layout_cave_pods, chequers_serial_rivers_room_a, lemuel_oklob_altar
Lair:2:   nzn_winding_woodlands_huge [nzn_winding_woodlands_5x15_river_crossing,
          nzn_winding_woodlands_5x15_sawtooth,
          nzn_winding_woodlands_5x15_sidewinder,
          nzn_winding_woodlands_5x15_longhouse,
          nzn_winding_woodlands_5x15_cabin, nzn_winding_woodlands_5x15_crooked,
          nzn_winding_woodlands_5x15_concentric,
          nzn_winding_woodlands_5x15_default,
          nzn_winding_woodlands_5x15_default,
          nzn_winding_woodlands_5x15_pockets,
          nzn_winding_woodlands_center_garden,
          nzn_winding_woodlands_center_pierced_h,
          nzn_winding_woodlands_15x15_eel_pit], layout_chaotic_city,
          minivault_26
Lair:3:   layout_loops_ring, minmay_shoals_entry_beasts,
          nicolae_snake_entry_warm_welcome, hellmonk_ghost_happy_afterlife,
          serial_bayou, serial_bayou_lagoon_a, serial_bayou_lake_a,
          serial_bayou_pond_a, serial_bayou_pond_d, serial_bayou_pond_c,
          kennysheep_snail_temple
Lair:4:   beast_lair_carwin_large_4, layout_gridlike,
          nicolae_slime_entry_field_trip, ebering_ghost_funeral_grove,
          minmay_stone_trees_small, minivault_24
Lair:5:   guppyfry_lair_end_dragon, layout_misc_corridors, wormcave,
          nicolae_lair_run_with_the_wolves, lemuel_fruit_tree
Shoals:1: layout_shoals, serial_shops, nicolae_shop_bloodbath_and_beyond,
          hangedman_shoals_cup_caves
Shoals:2: nicolae_shoals_aurelia_aurita, layout_shoals
Shoals:3: layout_shoals, serial_shops, nicolae_take_the_stairs
Shoals:4: shoals_end_grunt_garden, layout_shoals, shoals_ilsuiw_alternative
Snake:1:  layout_onion_interference, basic_altar, st_stairs_4,
          nicolae_shop_i_like_big_books, grunt_megastairs_1, minmay_shop_grove,
          uniq_roxanne
Snake:2:  layout_gridlike
Snake:3:  layout_onion, serial_bayou_pond_b, drop_trap,
          nicolae_snake_dead_anacondas, minmay_shoptagon
Snake:4:  hellmonk_snake_rune_quicksilver_temple, layout_cave_town, drop_trap,
          minmay_shop_star, grunt_megastairs_2
Slime:1:  layout_caves
Slime:2:  layout_caves
Slime:3:  layout_caves, cheibrodos_slime_lost_civilization_5
Slime:4:  layout_caves
Slime:5
Orc:1:    layout_caves, portal_ice_cave_entry_pillars_1
Orc:2:    st_orc_rangers, layout_caves, serial_shops, shop
Elf:1:    layout_gridlike, orc_legates, nicolae_elf_deep_friendship,
          hangedman_decor_cross_pass, uniq_jorgrun
Elf:2:    elven_hall_of_blades_hangedman_alternative
          [nicolae_blade_entry_area_security], layout_geoelf_diagonals,
          enter_trove_1, minivault_8
Elf:3:    minmay_elf_hall_x, layout_loops_cross, serial_shops, shop,
          nicolae_elf_double_double_double_trouble, uniq_saint_roka
Vaults:1: hangedman_vaults_stretched_pinwheel, hangedman_vaults_snaps,
          v_misc_24, grunt_vaults_twisty, nicolae_vaults_murderbox,
          vaults_mumra_hex, hangedman_vaults_trim,
          nicolae_vaults_yaktaur_gun_rack, layout_vaults_omnicross,
          serial_shops, nicolae_shop_behind_doors, uniq_nikola
Vaults:2: vaults_dpeg_spiral, minmay_crypt_entry_simple_box,
          hangedman_vaults_nails, nicolae_vaults_big_angled_halls,
          hangedman_vaults_nails, hangedman_vaults_trim, v_misc_4,
          nicolae_vaults_circle_grid_b, ontoclasm_vaults_idyll,
          nicolae_vaults_holding_cells, vaults_room_corners, vaults_room_pool,
          vaults_dpeg_ring, layout_vaults_ring, serial_shops,
          nicolae_shop_competitors_out_of_business
Vaults:3: vaults_room_fours, ontoclasm_vaults_misaligned,
          nicolae_vaults_display_case, ontoclasm_vaults_twist,
          vaults_mumra_chevron, vaults_room_door_hall, nicolae_vaults_alarming,
          ontoclasm_vaults_pinch, vaults_standard_mumra_enter_the_diamond,
          nicolae_vaults_asterisk, layout_vaults_chaotic_city
Vaults:4: v_rooms_5, ontoclasm_vaults_bender, grunt_vaults_focal,
          grunt_vaults_funnel, v_misc_3, nicolae_vaults_ninety_degrees,
          nicolae_vaults_ring_of_whatevers, hangedman_vaults_trim,
          layout_vaults_omnigrid, serial_shops,
          nicolae_shop_temple_entry_statues_fountains, uniq_bai_suzhen,
          uniq_xtahua
Vaults:5
Crypt:1:  layout_gridlike
Crypt:2:  layout_gridlike, ebering_ghost_xom, chequers_big_river,
          lemuel_upstairs_altar, uniq_sojobo, uniq_margery
Crypt:3:  due_elkab, layout_chaotic_city, uniq_grunn
Tomb:1
Tomb:2:   uniq_boris, uniq_mennas
Tomb:3
Depths:1: layout_cave_pools, tso_altar, hell_entry, pan_entry,
          minmay_fractal_squares_diagonal_5
Depths:2: kennysheep_cluttered_fort, layout_basic, enter_ziggurat_a,
          grunt_hell_entry_dis_old, minmay_misc_feat_x, rand_demon_pan_entry_9,
          minmay_misc_feat_tower, infiniplex_staircase_split_hallway
Depths:3: minmay_the_grid_octo_tiled_squarecenter_mashed
          [minmay_the_grid_octo_horde, minmay_the_grid_octo_vomiting_pacman,
          minmay_the_grid_octo_fan_narrow, minmay_the_grid_octo_chip,
          minmay_the_grid_square_5x5_megaprize_diamond,
          minmay_the_grid_square_5x5_comb,
          minmay_the_grid_square_5x5_almost_minimal,
          minmay_the_grid_square_5x5_intrusive_squares,
          minmay_the_grid_square_5x5_slash], layout_basic,
          abyss_entry_glasseish, minmay_misc_feat_diagonals, grunt_hell_horde
Depths:4: lemuel_castle_with_subvaults [lemuel_castle_interior_carwin_2],
          layout_honeycomb, minmay_misc_feat_ornament,
          hangedman_tar_grid_catacomb
Zot:1:    layout_gridlike, st_grand_hoard_of_tiamat
Zot:2:    layout_misc_corridors
Zot:3:    minmay_elemental_castle, layout_twisted_circle, st_stairs_3,
          uniq_parghit
Zot:4:    evilmike_crystal_ball_defense, layout_onion,
          nicolae_rock_paper_scissors, uniq_josephina

Skill      XL: |  1  2  3  4  5  6  7  8  9 10 11 12 13 14 15 16 17 18 19 20 21 22 23 24 25 26 27 |
---------------+----------------------------------------------------------------------------------+-----
Short Blades   | 1 2 3 4 5 6 7 8 9 10 11 12 13 14 15 16 17 19 20 23 | 23.3
Long Blades    | 1 2 3 4 5 6 7 8 9 10 11 12 13 14 15 16 17 18 20 | 20.3
Axes           | 1 2 3 4 5 6 7 8 9 10 11 12 13 14 15 16 17 18 20 | 20.3
Maces & Flails | 1 2 3 4 5 6 7 8 9 10 11 12 13 14 15 16 17 18 20 | 20.3
Polearms       | 1 2 3 4 5 6 7 8 9 10 11 12 13 14 15 16 17 18 20 | 20.3
Staves         | 1 2 3 4 5 6 7 8 9 10 11 12 13 14 15 16 17 18 19 22 | 22.9
Throwing       | 1 2 3 4 5 6 7 8 9 10 11 12 13 14 15 16 17 18 20 | 20.3
Armour         | 1 2 3 4 5 6 7 8 9 10 11 12 13 14 15 16 17 18 20 | 20.3
Stealth        | 1 2 3 4 5 6 7 8 9 10 11 12 13 14 15 16 17 18 20 | 20.3
Shields        | 1 2 3 4 5 6 7 8 9 10 11 12 13 14 15 16 17 18 20 | 20.3
Unarmed Combat | 1 2 3 4 5 6 7 8 9 10 11 12 13 14 15 16 17 18 20 | 20.3
Invocations    | 1 2 3 4 5 6 7 8 9 10 11 12 13 14 15 16 17 18 19 20 21 | 21.9
Evocations     | 1 2 3 4 5 6 7 8 9 10 11 12 13 14 15 16 17 18 20 | 20.3
Spellcasting   | 3 4 5 6 7 8 9 10 11 12 13 14 15 16 17 18 20 | 20.5
Conjurations   | 1 2 3 4 5 6 7 8 9 10 11 12 13 14 15 17 | 17.4
Summonings     | 1 2 3 4 5 6 7 8 9 10 11 12 13 14 15 17 | 17.4
Necromancy     | 1 2 3 4 5 6 7 8 9 10 11 12 13 14 15 17 | 17.4
Translocations | 1 2 3 4 5 6 7 8 9 10 11 12 13 14 15 16 18 | 18.9
Transmutations | 1 2 3 4 5 6 7 8 9 10 11 12 13 14 15 17 | 17.4
Fire Magic     | 1 2 3 4 5 6 7 8 9 10 11 12 13 14 15 17 | 17.4
Ice Magic      | 1 2 3 4 5 6 7 8 9 10 11 12 13 14 15 17 | 17.4
Air Magic      | 1 2 3 4 5 6 7 8 9 10 11 12 13 14 15 17 | 17.4
Earth Magic    | 1 2 3 4 5 6 7 8 9 10 11 12 13 14 15 17 | 17.4
Poison Magic   | 1 2 3 4 5 6 7 8 9 10 11 12 13 14 15 17 | 17.4
Fighting       | 3 4 5 6 7 8 9 10 11 12 13 14 15 16 17 18 20 | 20.5
Ranged Weapons | 5 6 7 8 9 10 11 12 13 14 15 16 17 18 19 20 | 20.7
Dodging        | 5 6 7 8 9 10 11 12 13 14 15 16 17 18 19 22 | 22.6
Hexes          | 6 7 8 9 10 11 12 13 14 15 16 18 | 18.1

Action                   |  1- 3 |  4- 6 |  7- 9 | 10-12 | 13-15 | 16-18 | 19-21 | 22-24 | 25-27 || total
-------------------------+-------+-------+-------+-------+-------+-------+-------+-------+-------++-------
Melee: Sling             |       |       |     1 |       |       |       |       |       |       ||     1
       Staff             |       |       |       |   262 |   632 |   734 |   742 |   592 |  2158 ||  5120
       Bite              |       |       |       |    45 |   108 |   129 |   147 |   146 |   562 ||  1137
 Fire: Sling             |    96 |   176 |   240 |   140 |       |       |       |       |       ||   652
Throw: Dart              |       |       |       |    19 |       |       |       |       |       ||    19
 Cast: Slow              |     5 |    10 |     7 |     1 |       |       |       |       |       ||    23
       Inner Flame       |       |     3 |    29 |    68 |   125 |    68 |       |       |       ||   293
       Stone Arrow       |       |       |       |    66 |    93 |    22 |       |       |       ||   181
       Borgnjor's Vile C |       |       |       |       |       |   115 |   111 |   110 |   218 ||   554
       Fireball          |       |       |       |       |       |   138 |    36 |     2 |     4 ||   180
       Irradiate         |       |       |       |       |       |     8 |    28 |     7 |    11 ||    54
       Statue Form       |       |       |       |       |       |     2 |     1 |     1 |       ||     4
       Summon Forest     |       |       |       |       |       |     4 |     5 |     2 |       ||    11
       Iron Shot         |       |       |       |       |       |       |   157 |   229 |    58 ||   444
       Ozocubu's Refrige |       |       |       |       |       |       |     5 |     4 |     5 ||    14
       Ignition          |       |       |       |       |       |       |       |    38 |    45 ||    83
       Blink             |       |       |       |       |       |       |       |     1 |     2 ||     3
       Necromutation     |       |       |       |       |       |       |       |     7 |   196 ||   203
       Sublimation of Bl |       |       |       |       |       |       |       |       |     4 ||     4
       Passage of Golubr |       |       |       |       |       |       |       |       |     1 ||     1
       Disjunction       |       |       |       |       |       |       |       |       |     1 ||     1
Invok: Bend Time         |       |       |       |     1 |       |       |       |       |       ||     1
       Step From Time    |       |       |       |       |       |       |       |     1 |     1 ||     2
 Abil: End Transformatio |       |       |       |       |       |       |       |       |     6 ||     6
Evoke: Box of beasts     |       |       |       |       |       |       |       |       |     3 ||     3
       Lightning rod     |       |       |       |       |       |       |       |       |     3 ||     3
       Phantom mirror    |       |       |       |       |       |       |       |       |     2 ||     2
       Tin of tremorston |       |       |       |       |       |       |       |       |     1 ||     1
  Use: Scroll            |     3 |    10 |    11 |    10 |     2 |     4 |     9 |    10 |    17 ||    76
       Potion            |       |       |     2 |     1 |       |       |     9 |    14 |    34 ||    60
 Stab: Sleeping          |       |       |       |     5 |     6 |     3 |     4 |       |     5 ||    23
       Distracted        |       |       |       |       |     1 |     3 |     2 |     3 |     1 ||    10
Armor: Robe              |     3 |    19 |    25 |    14 |       |       |       |       |       ||    61
       Leather armour    |       |     1 |     1 |       |       |       |       |       |       ||     2
       Ice dragon scales |       |       |       |    13 |       |       |       |       |       ||    13
       Steam dragon scal |       |       |       |    34 |       |       |       |       |       ||    34
       Troll leather arm |       |       |       |    18 |   270 |   139 |   189 |   133 |   352 ||  1101
       Skin              |       |       |       |       |       |    11 |     9 |     2 |    29 ||    51
       Crystal plate arm |       |       |       |       |       |       |       |       |   574 ||   574
Dodge: Dodged            |    28 |    63 |    75 |   236 |   478 |   472 |   606 |   383 |  1877 ||  4218
Block: Buckler           |       |       |     9 |   119 |       |       |       |       |       ||   128
       Kite shield       |       |       |       |    28 |   551 |   957 |   933 |   666 |  3209 ||  6344
       Reflection        |       |       |       |       |       |   167 |   106 |    54 |    34 ||   361

Table legend: (Time is in decaauts)
 A = Elapsed time spent in this place.
 B = Non-inter-level travel time spent in this place.
 C = Inter-level travel time spent in this place.
 D = Time resting spent in this place.
 E = Time spent auto-exploring this place.
 F = Levels seen in this place.
 G = Mean time per level.
                   A        B        C        D        E       F      G
               +--------+--------+--------+--------+--------+-----+--------+
         Total | 137764 | 115276 |  22488 |   8872 |  84639 |  64 | 2152.6 |
       Dungeon |  28267 |  21863 |   6404 |   1541 |  17008 |  15 | 1884.5 |
        Temple |     17 |     10 |      7 |      0 |      0 |   1 |   17.0 |
          Lair |  13902 |  10566 |   3336 |    919 |   7720 |   5 | 2780.4 |
        Shoals |   9298 |   8476 |    822 |    852 |   6251 |   4 | 2324.5 |
     Snake Pit |  11013 |   8843 |   2170 |    195 |   6987 |   4 | 2753.2 |
    Slime Pits |   3887 |   3741 |    146 |    968 |   1984 |   5 |  777.4 |
  Orcish Mines |   2764 |   2047 |    717 |    212 |   1413 |   2 | 1382.0 |
   Elven Halls |   9658 |   8727 |    931 |    255 |   7034 |   3 | 3219.3 |
        Vaults |  17998 |  15492 |   2506 |   1418 |  11917 |   5 | 3599.6 |
         Crypt |   8393 |   7600 |    793 |    709 |   5303 |   3 | 2797.7 |
          Tomb |   5255 |   4162 |   1093 |    797 |   2188 |   3 | 1751.7 |
        Depths |  11693 |   9660 |   2033 |    318 |   7473 |   4 | 2923.2 |
           Zot |  11473 |   9948 |   1525 |    420 |   7336 |   4 | 2868.2 |
         Abyss |   2357 |   2357 |      0 |    154 |    952 |   3 |  785.7 |
         Trove |    102 |    102 |      0 |      0 |     37 |   1 |  102.0 |
        Bailey |    862 |    862 |      0 |     97 |    437 |   1 |  862.0 |
      Ice Cave |    817 |    817 |      0 |     15 |    596 |   1 |  817.0 |
               +--------+--------+--------+--------+--------+-----+--------+

Top non-repeatable levels by time:
Vaults:4: 4819 daAuts
   Zot:1: 4282 daAuts
Depths:4: 3983 daAuts
   Elf:3: 3856 daAuts
Vaults:5: 3805 daAuts
 Snake:4: 3766 daAuts
 Crypt:3: 3595 daAuts
Vaults:1: 3364 daAuts
Depths:3: 3274 daAuts
  Lair:2: 3241 daAuts
Vaults:2: 3188 daAuts
   Elf:2: 3180 daAuts
  Lair:1: 3072 daAuts
    D:14: 2998 daAuts
   Zot:3: 2986 daAuts
